 Dungeon Crawl Stone Soup version 0.30.1-11-g7821555f0a (webtiles) character file.

Game seed: 14937987455660816682

6624 FakeRyeBread the Fighter (level 11, -14/87 HPs)
             Began as a Djinni Conjurer on Nov 22, 2023.
             Was an Initiate of Ashenzari.
             Demolished by Lodul
             ... wielding a +0 dire flail
              (35 damage)
             ... on level 10 of the Dungeon.
             The game lasted 00:37:18 (7765 turns).

FakeRyeBread the Fighter (Djinni Conjurer)          Turns: 7765, Time: 00:37:18

Health: -14/87     AC: 12    Str:  4    XL:     11   Next: 22%
Gold:   57         EV: 12    Int: 24    God:    Ashenzari [......] SH:  0 Dex: 12

rFire   + + .        g - +1 short sword (protect)
rCold   + . .        (no shield)
rNeg    . . .        k - +0 robe "Haggif" {rElec rPois rC++ Str-2}
rPois   ∞            c - +0 helmet
rElec   +            f - +1 cloak
rCorr   .            (no gloves)
SInv    .            (boots unavailable)
Will    ++...        j - amulet of regeneration
Stlth   ++           q - ring of willpower
HPRegen 1.14/turn    (no ring)
MPRegen 0.00/turn

%: infuse magic (-15 HP)
@: about to teleport, under a protective aura, flying, studying Shields
A: sickness immunity, fire resistance 2, cold vulnerability 1, float, innate
caster, HP casting, extra vitality 1
a: Renounce Religion, Curse Item


You were on level 10 of the Dungeon.
You worshipped Ashenzari.
Ashenzari was noncommittal.
You visited 2 branches of the dungeon, and saw 11 of its levels.

You collected 573 gold pieces.
You spent 516 gold pieces at shops.

Inventory:

Hand Weapons
 g - a +1 short sword of protection (weapon)
Armour
 c - a +0 helmet (worn)
 f - a +1 cloak (worn)
 k - the +0 robe "Haggif" (worn) {rElec rPois rC++ Str-2}
   (You bought it in a shop on level 5 of the Dungeon)

   Str:       It affects your strength (-2).
   rC:        It greatly protects you from cold.
   rElec:     It insulates you from electricity.
   rPois:     It protects you from poison.
Jewellery
 j - an amulet of regeneration (around neck)
 q - a ring of willpower (left hand)
Wands
 a - a wand of charming (7)
 o - a wand of flame (20)
Scrolls
 b - a scroll of magic mapping
 i - 4 scrolls of identify
 m - 3 scrolls of enchant armour
 p - 2 scrolls of fog
 r - a scroll of poison
 t - 2 scrolls of blinking
 w - 2 scrolls of teleportation
 x - 2 scrolls of fear
 z - 3 scrolls of enchant weapon
Potions
 d - 11 potions of mutation
 e - 2 potions of invisibility
 l - 2 potions of heal wounds
 n - 2 potions of haste
 u - 3 potions of might
 v - 2 potions of curing {unknown}


   Skills:
 + Level 11.5 Fighting
 - Level 2.1 Dodging
 - Level 1.5 Stealth
 + Level 9.6 Spellcasting


You knew the following spells:

 Your Spells              Type           Power      Damage    Failure   Level
a - Magic Dart            Conj           100%       1d8       1%          1
b - Searing Ray           Conj           100%       2d8       1%          2
c - Dazzling Flash        Conj/Hex       100%       N/A       1%          3
d - Fulminant Prism       Conj/Hex       27%        3d14      1%          4
e - Iskenderun's Mystic   Conj/Tloc      55%        2d12      1%          4
f - Apportation           Tloc           100%       N/A       1%          1
g - Scorch                Fire           100%       2d9       1%          2
h - Vampiric Draining     Necr           55%        2d9       1%          3
i - Animate Armour        Summ/Erth      100%       N/A       1%          4
j - Manifold Assault      Tloc           55%        N/A       1%          4
Your spell library was empty.

Dungeon Overview and Level Annotations

Branches:
Dungeon (10/15)            Temple (1/1) D:7            Lair (0/5) D:8
    Orc: D:9-12

Altars:
Ashenzari
Cheibriados
Dithmenos
Elyvilon
Fedhas
Gozag
Hepliaklqana
Makhleb
Nemelex Xobeh
Okawaru
Qazlal
Ru
Trog
Uskayaw
Wu Jian
Xom
Yredelemnul
Zin
The Shining One

Shops:
D:5 [   D:8 [   D:10 *

Annotations:
D:10 Lodul


Innate Abilities, Weirdness & Mutations

You are immune to sickness and miasma.
You are immune to poison.
Your flesh is very heat resistant. (rF++)
You are vulnerable to cold. (rC-)
You float through the air rather than walking.
You learn spells naturally, not from books.
Your magical power is your life essence.
You have superior vitality. (+4 MHP)


Message History

You hear a shout!
Unknown command.
Casting: Iskenderun's Mystic Blast (mildly dangerous; 1% risk of failure)
Press: ? - help, Q - select action, (/) - cycle Dir - look around, f - activate Look: an ogre, wielding a +0 giant spiked club (severely wounded, ally target)
You erupt in a blast of force!
The mystic blast hits the ogre!!
You kill the ogre!
Electricity crackles from Lodul's apparatus.
The bolt of lightning misses you.
An orc comes into view. It is wielding a +0 short sword.
Your fulminant prism crackles loudly.
The ogre hits your fulminant prism with a +0 giant spiked club!!!
Your fulminant prism explodes!
The blast of energy engulfs the ogre!
The ogre is heavily wounded.
The blast of energy engulfs your fulminant prism!
Your fulminant prism is almost destroyed.
You hear a shout! x2
Your fulminant prism explodes!
The blast of energy engulfs Lodul!
Lodul is lightly wounded.
The blast of energy engulfs the ogre!
You kill the ogre!
The orc wizard gestures at you while chanting.
The magic dart hits you!
* * * LOW HITPOINT WARNING * * *
An orc comes into view. It is wielding a +0 hand axe.
An ogre comes into view. It is wielding a +0 giant club.
An ogre comes into view. It is wielding a +0 giant spiked club.
An ogre comes into view. It is wielding a +0 giant club.
You hit the orc.
Your weapon exudes an aura of protection.
The orc is heavily wounded.
The orc wizard hits you with a +0 mace of holy wrath.
* * * LOW HITPOINT WARNING * * *
The orc misses you.
As you read the scroll of teleportation, it crumbles to dust.
You feel strangely unstable. The orc barely misses you.
Lodul hits you with a +0 dire flail!!
You die...

..............
..#.#.............. #
#............≈≈§≈≈≈
#.#.#.#.......≈≈≈≈≈≈§
#.#.#.#.......≈≈§§... .
#.....#.......≈≈§≈§§.
...#.....#........≈≈§§≈≈
.....................§..
.....oo@.##..........)).
...O..oO................
..O......)..............
...O............##.>....
#...............#....###
#....))).......∩#....#
#...).)..............###
#.....).................
#......))...............


You could see Lodul, 3 ogres, an orc wizard and 2 orcs.

Vanquished Creatures
  Erica (D:9)
  Maggie (D:7)
  A kobold demonologist (D:9)
  A troll (D:8)
  A hornet (D:5)
  A wraith (D:9)
  4 vampire mosquitoes (D:10)
  3 steam dragons
  A water moccasin (D:6)
  An ice beast (D:8)
  A sky beast (D:6)
  A black bear (D:8)
  2 orc warriors
  6 ogres (D:10)
  2 centaurs
  A kobold brigand (D:10)
  A phantom (D:4)
  Blork the orc (D:5)
  2 gnoll sergeants (D:7)
  7 bullfrogs
  5 scorpions
  3 wights (D:7)
  5 killer bees (D:8)
  8 howler monkeys
  4 crimson imps (D:5)
  Crazy Yiuf (D:4)
  5 orc priests
  3 hounds
  2 jellies
  5 orc wizards
  2 iguanas
  Robin (D:4)
  14 gnolls
  8 adders
  3 shadow imps
  2 white imps (D:7)
  2 ufetubi (D:5)
  4 worms
  4 dart slugs
  20 orcs
  7 ball pythons
  11 endoplasms
  3 giant cockroaches
  16 goblins
  11 hobgoblins
  3 quokkas
  4 bats
  4 frilled lizards
  7 kobolds
  7 rats
  50 fulminant prisms
263 creatures vanquished.

Vanquished Creatures (others)
  71 fulminant prisms
71 creatures vanquished.

Grand Total: 334 creatures vanquished

Notes
Turn   | Place    | Note
-------+----------+-------------------------------------------
     0 | D:1      | FakeRyeBread the Djinni Conjurer began the quest for the
                  | Orb.
     0 | D:1      | FakeRyeBread set off with the following spells memorised:
                  | Magic Dart, Searing Ray, Dazzling Flash, Fulminant Prism,
                  | Iskenderun's Mystic Blast.
     0 | D:1      | Reached XP level 1. HP: 15/15 MP: 0/0
   313 | D:1      | Reached XP level 2. HP: 20/22 MP: 0/0
   367 | D:1      | Reached skill level 1 in Fighting
   777 | D:1      | Reached XP level 3. HP: 25/27 MP: 0/0
   777 | D:1      | Learned a level 1 spell: Apportation
  1166 | D:2      | Reached skill level 2 in Fighting
  1440 | D:2      | Reached XP level 4. HP: 33/33 MP: 0/0
  1807 | D:3      | Reached XP level 5. HP: 39/40 MP: 0/0
  1807 | D:3      | Learned a level 2 spell: Scorch
  1900 | D:3      | Reached skill level 3 in Fighting
  2445 | D:4      | Noticed a phantom
  2451 | D:4      | Killed a phantom
  2452 | D:4      | Reached XP level 6. HP: 47/47 MP: 0/0
  2539 | D:4      | Reached skill level 4 in Fighting
  2659 | D:4      | Noticed Robin
  2668 | D:4      | Killed Robin
  2780 | D:4      | Reached XP level 7. HP: 52/53 MP: 0/0
  2780 | D:4      | Learned a level 3 spell: Vampiric Draining
  3003 | D:4      | Found a runed translucent door.
  3004 | D:4      | Noticed Crazy Yiuf
  3011 | D:4      | Killed Crazy Yiuf
  3012 | D:4      | Reached skill level 5 in Spellcasting
  3037 | D:5      | Entered Level 5 of the Dungeon
  3043 | D:5      | Noticed a hornet
  3050 | D:5      | Killed a hornet
  3051 | D:5      | Reached skill level 5 in Fighting
  3109 | D:5      | Found a shimmering altar of Xom.
  3123 | D:5      | Reached XP level 8. HP: 60/60 MP: 0/0
  3225 | D:5      | Reached skill level 6 in Fighting
  3439 | D:5      | Found a snail-covered altar of Cheibriados.
  3525 | D:5      | Found Ydapany's Armour Shop.
  4000 | D:5      | Noticed Blork the orc
  4008 | D:5      | Killed Blork the orc
  4162 | D:6      | Reached skill level 7 in Fighting
  4225 | D:6      | Found a hide-covered altar of Uskayaw.
  4242 | D:6      | Reached XP level 9. HP: 67/68 MP: 0/0
  4242 | D:6      | Learned a level 4 spell: Animate Armour
  4430 | D:6      | Reached skill level 8 in Fighting
  4938 | D:7      | Noticed Maggie
  4961 | D:7      | Killed Maggie
  5116 | D:7      | Found a staircase to the Ecumenical Temple.
  5129 | Temple   | Entered the Ecumenical Temple
  5150 | Temple   | Became a worshipper of Ashenzari the Shackled
  5265 | D:7      | Found a glowing golden altar of the Shining One.
  5271 | D:7      | Reached skill level 9 in Fighting
  5352 | D:7      | Found a sacrificial altar of Ru.
  5597 | D:8      | Reached XP level 10. HP: 62/78 MP: 0/0
  5632 | D:8      | Found a sparkling altar of Nemelex Xobeh.
  5749 | D:8      | Found a basalt altar of Yredelemnul.
  5931 | D:8      | Found an ornate altar of the Wu Jian Council.
  6008 | D:8      | Reached skill level 10 in Fighting
  6156 | D:8      | Found a staircase to the Lair.
  6252 | D:8      | Found Enucs's Armour Shoppe.
  6513 | D:5      | Bought the +0 robe "Haggif" {rElec rPois rC++ Str-2} for
                  | 483 gold pieces
  6704 | D:9      | Noticed Erica
  6718 | D:9      | Killed Erica
  6811 | D:9      | Noticed a kobold demonologist
  6814 | D:9      | Killed a kobold demonologist
  7185 | D:9      | Reached skill level 11 in Fighting
  7379 | D:10     | Entered Level 10 of the Dungeon
  7391 | D:10     | Reached XP level 11. HP: 78/87 MP: 0/0
  7391 | D:10     | Learned a level 4 spell: Manifold Assault
  7474 | D:10     | Found a hazy altar of Hepliaklqana.
  7622 | D:10     | Found Xoppouta's Assorted Antiques.
  7635 | D:10     | Bought a scroll labelled LOJ YTOX ASS for 33 gold pieces
  7755 | D:10     | Noticed Lodul
  7765 | D:10     | Demolished by Lodul

Illustrated notes

Levels and vault maps discovered:
D:1:      dpeg_arrival_chambers_temple_mockup, layout_basic,
          chequers_serial_rivers_micro_e, st_stairs_11, bh_walls_and_bars
D:2:      layout_loops_ring
D:3:      layout_basic, mainiacjoe_overflow_surrounded_room, serial_bayou,
          serial_bayou_shore_a, serial_bayou_lagoon_a, serial_bayou_ford_a,
          serial_bayou_pond_a, serial_bayou_pond_e, serial_bayou_pond_a,
          minmay_misc_feat_secret_circle, eino_tiny_chamber
D:4:      layout_cave_pools, minmay_close_crescents, uniq_robin,
          uniq_crazy_yiuf_cottage
D:5:      layout_layer_cave, led_xom_imps, mainiacjoe_overflow_small_starburst,
          serial_shops, shop, uniq_blork_the_orc
D:6:      layout_rooms, lemuel_crystal_altar
D:7:      layout_basic, mainiacjoe_overflow_catwalk_spiral,
          nicolae_ru_sacrificial_ziggurat, minmay_temple_entry_arrows,
          minmay_large_rounded_square, minmay_diced_spiral, uniq_maggie,
          uniq_pikel
D:8:      layout_gridville, nzn_wu_jian_council_hall, mainiacjoe_overflow_swirl,
          grunt_lair_entry_orc_guard_hut, serial_glass, glass_columns_b,
          glass_columns_a, glass_columns_a, glass_columns_a, glass_columns_b,
          glass_columns_b, serial_shops, nicolae_shop_behind_doors
D:9:      layout_gridville, uniq_erica
D:10:     layout_basic, mainiacjoe_overflow_catwalk, serial_shops, shop,
          minmay_radiant, uniq_lodul, uniq_gastronok
Temple:   hellmonk_temple_of_storms

Skill      XL: |  1  2  3  4  5  6  7  8  9 10 |
---------------+-------------------------------+-----
Fighting       | 1 2 3 4 5 7 9 11 | 11.5
Spellcasting   | 4 5 6 7 9 |  9.6
Dodging        | |  2.1
Stealth        | |  1.5

Action                     |  1- 3 |  4- 6 |  7- 9 | 10-12 || total
---------------------------+-------+-------+-------+-------++-------
  Melee: Short sword       |       |       |     1 |    19 ||    20
   Cast: Magic Dart        |    57 |    22 |       |       ||    79
         Searing Ray       |     5 |    42 |    56 |       ||   103
         Scorch            |       |    11 |       |       ||    11
         Fulminant Prism   |       |       |    27 |    96 ||   123
         Iskenderun's Myst |       |       |     3 |    19 ||    22
         Manifold Assault  |       |       |       |     6 ||     6
    Use: Scroll            |       |    16 |     4 |     3 ||    23
 Armour: Robe              |     1 |     6 |    22 |    10 ||    39
  Dodge: Dodged            |     3 |    17 |    55 |    18 ||    93
